Map: [EWC] Site Delta

Players

Maru

  • Race: Terran Terran
  • Spawn Location: 11:00

Dark - Winner!

  • Race: Zerg Zerg
  • Spawn Location: 5:00

Event: Esports World Cup 2024

VOD

Have the link to the VOD?

Description

Time

  • Played on: Aug. 15, 2024, 1:13 p.m.
  • Length: 18:44

All games in this series

Show
View Real Time Build Order
Export as new Build Order

Maru Terran 

Build Orders:  

Get SALT Encoding   

  12  0:00  SCV  
  13  0:12  SCV  
  14  0:19  Supply Depot  
  14  0:24  SCV  
  15  0:41  SCV  
  15  0:42  Barracks  
  16  0:44  Refinery  
  16  0:53  SCV  
  17  0:58  Barracks  
  17  1:05  SCV  
  18  1:17  SCV  
  19  1:21  Barracks  
  19  1:29  Reaper  
  20  1:35  Orbital Command  
  20  1:41  Refinery  
  20  1:46  Reaper  
  21  1:55  Supply Depot  
  21  2:00  SCV  
  22  2:03  Reaper  
  23  2:16  SCV, Reaper  
  23  2:22  Reaper  
  26  2:23  Supply Depot  
  26  2:28  SCV  
  27  2:38  Reaper  
  27  2:40  SCV  
  29  2:48  Reaper  
  30  2:52  SCV  
  30  2:57  Command Center  
  32  3:07  SCV  
  32  3:11  Supply Depot  
  34  3:13  Barracks Reactor x2  
  34  3:19  SCV  
  33  3:22  Barracks Tech Lab  
  33  3:31  SCV  
  34  3:34  Factory  
  34  3:42  Marine, Stimpack  
  34  3:43  SCV  
  34  3:45  Engineering Bay  
  36  3:49  Marine x2  
  36  3:50  Marine  
  36  3:53  Marine  
  40  3:56  SCV  
  41  4:05  Marine  
  41  4:06  Marine  
  41  4:08  SCV  
  44  4:10  Orbital Command  
  44  4:15  Terran Infantry Weapons Level 1  
  44  4:18  Marine  
  44  4:23  Starport  
  45  4:26  SCV  
  45  4:27  Factory Reactor  
  45  4:30  Marine x2  
  48  4:32  Marine  
  48  4:35  SCV  
  50  4:38  SCV  
  50  4:40  Supply Depot  
  50  4:43  Marine  
  50  4:44  Marine  
  53  4:48  SCV, Marine  
  55  4:58  Bunker  
  55  4:59  SCV  
  56  5:05  SCV  
  56  5:08  Marine x2  
  56  5:10  Marine x3, Medivac x2  
  56  5:12  Factory Tech Lab  
  64  5:16  Bunker  
  64  5:19  SCV x2  
  66  5:22  Supply Depot  
  66  5:26  Marine  
  67  5:31  SCV x2  
  67  5:35  Marine  
  70  5:40  Marine  
  70  5:41  Marine  
  70  5:44  Siege Tank  
  70  5:51  Marine  
  69  5:58  Marine  
  69  6:00  Marine, Medivac  
  71  6:05  SCV x2  
  71  6:16  Siege Tank  
  71  6:17  SCV  
  71  6:18  SCV, Marine  
  76  6:26  Supply Depot  
  76  6:30  SCV x2  
  74  6:36  Terran Infantry Armor Level 1  
  73  6:41  Barracks  
  73  6:42  SCV x2  
  75  6:53  Command Center  
  75  6:54  SCV x2  
  77  6:58  Refinery  
  77  7:00  Barracks Reactor  
  77  7:02  Combat Shield  
  77  7:04  Barracks  
  77  7:06  SCV x2  
  79  7:09  Marine  
  79  7:11  Barracks  
  80  7:18  SCV x2  
  82  7:28  Siege Tank  
  84  7:30  SCV x2  
  84  7:32  Refinery  
  84  7:33  Supply Depot  
  84  7:34  Barracks Reactor  
  84  7:36  Supply Depot  
  86  7:48  Supply Depot x2  
  86  7:49  Supply Depot  
  86  7:53  Barracks Reactor  
  86  7:54  Marine x3  
  86  7:55  SCV x2, Medivac  
  92  8:02  Engineering Bay, Barracks Reactor  
  92  8:03  Armory  
  92  8:07  SCV  
  92  8:12  Marine x5  
  95  8:13  SCV  
  95  8:19  SCV  
  100  8:20  Siege Tank  
  100  8:25  SCV  
  104  8:28  Medivac  
  104  8:30  Marine x2  
  104  8:31  SCV  
  104  8:32  Orbital Command  
  109  8:36  Marine x4  
  109  8:37  SCV  
  114  8:43  SCV  
  114  8:45  Marine x2  
  117  8:49  SCV  
  117  8:50  Marine x3  
  117  8:53  Marine  
  117  8:54  Marine  
  117  8:55  Supply Depot, SCV  
  124  9:00  Siege Tank  
  124  9:01  SCV  
  129  9:02  SCV  
  129  9:07  SCV, Marine  
  127  9:10  Marine  
  127  9:11  Marine x2  
  127  9:13  Terran Infantry Armor Level 2, Terran Infantry Weapons Level 2  
  127  9:14  SCV  
  127  9:15  Marine x5  
  137  9:19  SCV  
  132  9:25  Marine  
  132  9:28  Marine  
  125  9:32  Siege Tank, Marine  
  125  9:36  Marine x2  
  125  9:37  Orbital Command  
  117  9:43  SCV x2  
  117  9:49  Marine x4  
  117  9:50  Medivac x2  
  122  9:55  SCV x2  
  124  10:03  Orbital Command  
  124  10:04  Siege Tank  
  125  10:07  SCV x2  
  125  10:09  Marine x2  
  125  10:12  Marine  
  125  10:13  Marine  
  125  10:14  Marine  
  131  10:19  SCV x2  
  131  10:20  Medivac  
  135  10:22  Terran Vehicle Weapons Level 1  
  135  10:25  Marine  
  136  10:31  SCV x2  
  136  10:32  SCV  
  136  10:35  Marine  
  140  10:38  Siege Tank  
  140  10:41  Marine  
  140  10:42  Marine x3  
  143  10:43  SCV  
  143  10:44  SCV  
  143  10:47  Marine  
  143  10:48  Marine x2  
  145  10:50  Medivac x2  
  145  10:54  Supply Depot  
  149  11:00  Supply Depot  
  149  11:02  Supply Depot  
  149  11:13  Supply Depot  
  149  11:15  Siege Tank, Marine x4  
  149  11:17  Missile Turret  
  156  11:20  Medivac  
  158  11:27  Marine x2, Marauder  
  158  11:31  Marine x2, Terran Infantry Weapons Level 3  
  164  11:32  Marine x2  
  164  11:34  Marine  
  164  11:35  Marine  
  164  11:36  Command Center  
  164  11:38  Medivac  
  170  11:45  Marine x2  
  165  11:50  SCV x2, Medivac  
  165  11:51  Marine  
  165  11:52  Marine  
  166  11:56  Marine x3  
  166  11:57  Marine, Marauder  
  166  12:00  Missile Turret  
  170  12:02  SCV x2  
  170  12:03  Marine x2  
  170  12:07  Siege Tank  
  174  12:09  Marine x2  
  170  12:17  Factory  
  170  12:20  Viking x2  
  167  12:25  Marine, Marauder  
  167  12:29  Marine x5  
  175  12:39  Barracks  
  175  12:40  Barracks  
  175  12:41  Barracks  
  175  12:43  Marine x2  
  177  12:46  Marine, Barracks  
  177  12:47  Marauder  
  176  12:53  SCV x2  
  177  13:01  Siege Tank  
  177  13:03  Factory Tech Lab  
  177  13:04  Refinery x2  
  177  13:05  Liberator x2  
  180  13:08  Marauder  
  180  13:12  SCV x2  
  190  13:14  Sensor Tower  
  189  13:20  Planetary Fortress  
  189  13:25  SCV x2  
  190  13:30  Missile Turret  
  190  13:31  Barracks Tech Lab  
  190  13:32  Barracks Tech Lab, SCV  
  191  13:37  SCV x2  
  191  13:38  Terran Infantry Armor Level 3  
  193  13:44  SCV  
  184  13:49  SCV x2, Marine x2  
  184  13:50  Marauder  
  184  13:52  Marine x2  
  184  13:55  Marine x2  
  190  13:56  SCV  
  178  14:10  Barracks Tech Lab, SCV  
  178  14:11  Ghost Academy  
  178  14:12  Siege Tank  
  178  14:16  Siege Tank  
  177  14:25  Marine  
  177  14:26  Marine, Marauder x2  
  177  14:30  Marine  
  176  14:31  SCV  
  173  14:41  Command Center  
  168  14:47  Medivac x2  
  168  14:48  Siege Tank x2  
  168  14:50  Ghost x2  
  174  14:55  Marine  
  174  14:56  Marine x4  
  179  15:04  Missile Turret  
  175  15:16  Ghost x2  
  156  15:22  Marine x6  
  156  15:23  Marine x2, Ghost  
  156  15:27  Siege Tank  
  159  15:30  Marauder  
  161  15:40  SCV x4, Marine x3, Refinery x2  
  168  15:44  Ghost  
  166  15:51  Marine x3  
  166  15:52  Marauder x3  
  172  15:59  Marine  
  172  16:00  Marine  
  174  16:10  Marine x4  
  178  16:12  Ghost  
  178  16:16  Ghost  
  182  16:22  Viking  
  175  16:33  Command Center  
  175  16:35  Ghost  
  175  16:37  Sensor Tower  
  179  16:52  Liberator  
  165  16:54  Marine x2  
  165  16:55  Marine  
  165  16:56  Marine x2  
  174  17:07  Marauder  
  134  17:29  Factory Tech Lab  
  123  17:35  Barracks  
  123  17:37  Factory x2  
  117  17:45  Command Center  
  117  17:48  Supply Depot x2  
  117  17:49  Supply Depot  
  115  17:59  Factory Tech Lab  
  115  18:03  Supply Depot  
  115  18:05  Siege Tank  
  116  18:15  Command Center  
  116  18:16  Command Center  
  116  18:17  Barracks Tech Lab x2  
Show
View Real Time Build Order
Export as new Build Order

Dark Zerg - Winner!

Build Orders: Hatch First 

Get SALT Encoding   

  12  0:00  Drone  
  13  0:12  Overlord  
  13  0:16  Drone  
  14  0:30  Drone x2  
  16  0:47  Hatchery  
  15  0:50  Drone  
  15  0:54  Drone  
  17  0:58  Drone  
  18  1:07  Extractor  
  17  1:12  Spawning Pool  
  17  1:15  Drone  
  17  1:19  Drone  
  18  1:28  Drone  
  19  1:41  Drone  
  20  1:50  Drone  
  21  1:59  Queen x2  
  21  2:00  Zergling x4  
  27  2:10  Overlord  
  27  2:13  Drone  
  28  2:22  Hatchery  
  27  2:28  Drone x2  
  29  2:32  Drone  
  29  2:33  Drone  
  31  2:39  Metabolic Boost  
  31  2:44  Queen  
  31  2:49  Overlord  
  33  2:51  Drone  
  33  2:57  Queen  
  36  3:02  Overlord  
  36  3:08  Drone x2  
  36  3:09  Zergling x4  
  41  3:12  Drone  
  41  3:14  Zergling x2  
  41  3:15  Zergling x2  
  41  3:18  Drone  
  45  3:21  Drone x3  
  45  3:26  Drone  
  48  3:30  Roach Warren  
  48  3:31  Drone  
  48  3:36  Extractor  
  48  3:37  Extractor  
  48  3:38  Drone  
  47  3:48  Hatchery  
  46  3:51  Drone x3  
  49  3:56  Overlord  
  49  3:59  Zergling x4  
  51  4:07  Overlord  
  51  4:08  Drone  
  52  4:15  Roach x2  
  52  4:16  Roach x2  
  60  4:25  Roach  
  60  4:26  Roach x2  
  60  4:27  Roach  
  60  4:30  Overlord  
  68  4:38  Overlord  
  67  4:40  Overlord  
  67  4:50  Ravager x3  
  67  4:52  Zergling x10  
  73  5:04  Zergling x10  
  73  5:07  Ravager  
  78  5:15  Zergling x6  
  78  5:16  Ravager x2  
  78  5:17  Zergling x2  
  84  5:24  Ravager  
  84  5:28  Zergling x6  
  88  5:33  Overlord  
  87  5:37  Overlord  
  87  5:39  Overlord  
  87  5:48  Roach x4  
  87  5:49  Roach  
  97  5:56  Zergling x2  
  97  5:57  Zergling x10  
  103  6:03  Zergling x6  
  103  6:15  Roach  
  101  6:20  Drone, Zergling x2  
  101  6:21  Drone x9  
  112  6:27  Drone  
  112  6:28  Drone  
  103  6:33  Drone  
  103  6:36  Lair  
  103  6:38  Evolution Chamber  
  103  6:39  Drone  
  104  6:40  Drone  
  104  6:41  Drone  
  104  6:46  Drone x3  
  108  6:49  Drone, Evolution Chamber  
  108  6:51  Drone  
  108  6:53  Drone x2  
  111  6:58  Drone x2, Extractor  
  112  7:01  Drone  
  112  7:04  Zerg Ground Armor Level 1  
  112  7:05  Overlord  
  112  7:07  Extractor  
  112  7:08  Extractor  
  111  7:16  Zerg Missile Weapons Level 1  
  110  7:28  Drone x3  
  110  7:29  Drone x3  
  114  7:30  Roach x4  
  114  7:34  Overlord x3  
  114  7:36  Glial Reconstitution  
  122  7:41  Overlord  
  122  7:48  Overlord  
  122  7:53  Roach x7  
  122  7:57  Overlord  
  135  8:00  Roach  
  135  8:02  Overlord  
  135  8:04  Overlord  
  137  8:08  Drone x4  
  137  8:10  Drone  
  137  8:11  Roach  
  144  8:14  Overlord  
  143  8:23  Nydus Network  
  143  8:25  Roach x4  
  150  8:35  Roach  
  150  8:38  Hatchery  
  150  8:40  Roach x3  
  157  8:43  Roach  
  157  8:47  Ravager x8  
  167  8:50  Roach  
  167  8:51  Roach  
  167  8:54  Roach x2  
  174  8:56  Roach  
  174  9:01  Overlord  
  176  9:07  Roach x4  
  176  9:08  Roach  
  177  9:10  Roach  
  177  9:13  Overlord  
  177  9:15  Nydus Canal  
  178  9:17  Roach  
  178  9:23  Roach x3  
  178  9:24  Roach  
  159  9:35  Zerg Missile Weapons Level 2  
  159  9:36  Drone x6  
  161  9:42  Drone x3  
  164  9:47  Tunneling Claws  
  164  9:48  Burrow  
  164  9:52  Hydralisk Den  
  161  9:53  Infestation Pit  
  161  9:54  Drone  
  161  9:55  Drone x2  
  163  10:01  Zerg Ground Armor Level 2  
  163  10:11  Roach x3  
  163  10:12  Roach x3  
  175  10:18  Nydus Canal  
  175  10:20  Roach x3  
  181  10:24  Grooved Spines  
  181  10:33  Drone x2  
  181  10:35  Extractor x2  
  179  10:43  Nydus Canal  
  179  10:46  Roach x2  
  179  10:47  Roach  
  175  10:51  Roach x10  
  191  11:02  Hive  
  191  11:04  Roach x11  
  191  11:05  Overlord  
  191  11:14  Muscular Augments  
  187  11:20  Roach  
  181  11:26  Roach  
  181  11:27  Hydralisk x9  
  181  11:29  Drone  
  200  11:33  Roach x2  
  200  11:46  Hydralisk x3  
  184  11:47  Hydralisk x9  
  197  12:01  Roach  
  197  12:05  Hydralisk x2  
  197  12:08  Overlord  
  197  12:11  Overlord  
  197  12:12  Overlord  
  197  12:13  Hatchery  
  195  12:17  Overlord  
  195  12:20  Overlord  
  191  12:24  Nydus Canal  
  191  12:27  Viper  
  191  12:28  Viper x2  
  200  12:44  Nydus Canal  
  198  12:52  Hydralisk  
  198  12:54  Zerg Missile Weapons Level 3  
  198  12:56  Overlord, Roach  
  198  12:59  Zerg Ground Armor Level 3  
  192  13:06  Roach  
  192  13:10  Hatchery  
  187  13:14  Hydralisk x6  
  199  13:25  Lurker Den  
  199  13:26  Roach  
  196  13:42  Hydralisk x2  
  181  13:48  Hydralisk  
  181  13:49  Hydralisk x5  
  181  13:51  Hydralisk  
  181  13:54  Queen x2  
  197  13:58  Roach  
  197  13:59  Hydralisk  
  191  14:03  Hydralisk x2  
  191  14:09  Hydralisk x2  
  193  14:11  Hydralisk  
  193  14:26  Hydralisk x5  
  188  14:35  Seismic Spines  
  186  14:40  Drone x3  
  186  14:43  Drone  
  190  14:51  Overlord  
  190  14:52  Overseer  
  190  14:58  Drone x4  
  194  15:03  Lurker x2  
  193  15:08  Hatchery  
  193  15:12  Extractor  
  191  15:31  Lurker x6  
  191  15:32  Adaptive Talons  
  197  15:40  Drone x2, Zerg Melee Weapons Level 1, Extractor  
  198  15:45  Pneumatized Carapace  
  198  15:47  Roach x3  
  192  15:55  Hydralisk x3  
  181  15:59  Zergling x20  
  191  16:10  Lurker x4  
  195  16:13  Nydus Canal  
  195  16:16  Zergling x10  
  198  16:29  Hatchery  
  198  16:31  Nydus Canal  
  191  16:38  Zergling x18  
  196  16:42  Hydralisk x2  
  194  16:47  Nydus Canal  
  194  16:51  Hydralisk x2  
  192  16:54  Hydralisk  
  192  16:55  Hydralisk x2  
  183  17:21  Nydus Canal  
  175  17:23  Lurker x2, Hydralisk x3  
  175  17:24  Hydralisk  
  176  17:35  Lurker x11  
  176  17:36  Zergling x4  
  182  17:40  Hydralisk  
  169  17:44  Hydralisk  
  169  17:49  Hydralisk  
  171  17:52  Lurker  
  171  17:53  Hydralisk  
  169  18:06  Hatchery  
  169  18:09  Drone x3  
  169  18:10  Drone  
  170  18:16  Nydus Canal  
  163  18:38  Lurker  
  163  18:39  Lurker x3  
Tags
 
Add a new tag
Caveats
  • Supply blocks, unpowered buildings, or Contaminate may cause inaccurate times.
  • Supply counts are checked every 10 seconds.